Map: Ruinas de Endión

Players

xXkazperXx - Winner!

  • Race: Zerg Zerg
  • League: Bronze

RANURA DE IA (Más difícil)

  • Race: Zerg Zerg

VOD

Have the link to the VOD?

Description

Time

  • Played on: April 9, 2016, 6:36 p.m.
  • Length: 14:24
Show
View Real Time Build Order
Export as new Build Order

xXkazperXx Zerg - Winner!

Build Orders: Pool First 

Get SALT Encoding   

  12  0:02  Drone  
  13  0:10  Drone  
  14  0:19  Overlord  
  14  0:34  Spawning Pool  
  13  0:38  Drone  
  14  0:52  Drone x3  
  17  1:12  Extractor  
  16  1:21  Zergling x4  
  16  1:22  Queen  
  20  1:27  Overlord  
  20  1:37  Drone  
  21  1:43  Roach Warren  
  20  1:51  Drone  
  21  2:03  Drone  
  22  2:16  Drone  
  22  2:19  Queen  
  25  2:28  Roach  
  27  2:30  Roach  
  27  2:32  Overlord  
  27  2:33  Zergling x2  
  30  2:50  Roach x2  
  34  3:02  Drone  
  35  3:12  Roach  
  37  3:16  Drone  
  38  3:22  Extractor  
  37  3:32  Overlord  
  37  3:36  Lair  
  37  3:40  Drone  
  38  3:52  Roach x3  
  44  4:07  Roach  
  46  4:24  Overlord  
  46  4:42  Hatchery  
  45  5:05  Roach x3  
  32  5:23  Roach  
  32  5:43  Roach x2  
  36  5:54  Drone  
  37  6:17  Roach x4  
  45  6:26  Zergling x4  
  45  6:27  Roach x2  
  45  6:32  Spire  
  50  6:33  Metabolic Boost  
  50  6:34  Glial Reconstitution  
  50  6:41  Evolution Chamber  
  50  6:44  Pneumatized Carapace  
  49  6:48  Roach x5  
  49  6:52  Drone  
  49  6:53  Overlord  
  60  7:14  Roach x3  
  66  7:28  Drone x2  
  66  7:29  Overlord  
  50  8:24  Mutalisk x5  
  60  8:29  Overlord x3  
  34  9:46  Mutalisk x3  
  34  9:47  Mutalisk  
  42  9:57  Extractor, Drone  
  42  9:58  Drone  
  42  9:59  Drone x4  
  47  10:01  Extractor  
  44  10:46  Mutalisk x2  
  44  10:47  Mutalisk  
  50  11:00  Roach x3  
  55  13:07  Zergling x6  
  55  13:10  Zergling x6  
Show
View Real Time Build Order
Export as new Build Order

RANURA DE IA (Más difícil) Zerg 

Build Orders: Pool First, Zergling Baneling 

Get SALT Encoding   

  12  0:01  Drone  
  13  0:12  Overlord  
  13  0:17  Drone  
  14  0:30  Drone x2  
  16  0:43  Spawning Pool  
  16  0:45  Drone  
  16  0:49  Drone  
  17  0:52  Extractor  
  17  0:55  Drone  
  17  1:06  Overlord  
  17  1:30  Queen  
  17  1:31  Zergling x2  
  20  1:34  Zergling x2  
  20  1:36  Roach Warren  
  20  1:38  Drone  
  21  1:42  Extractor  
  20  1:49  Drone  
  20  1:52  Baneling Nest  
  20  2:00  Drone  
  21  2:10  Drone  
  22  2:21  Zergling x2  
  23  2:32  Drone  
  23  2:35  Baneling x3  
  23  2:36  Overlord, Zergling x2  
  25  2:39  Zergling x2  
  25  2:44  Zergling x2  
  27  2:51  Baneling  
  27  2:54  Drone  
  27  2:57  Baneling  
  28  3:03  Baneling  
  28  3:05  Zergling x2  
  29  3:06  Metabolic Boost  
  29  3:09  Zergling x2  
  29  3:11  Zergling x2  
  31  3:14  Zergling x2  
  31  3:17  Overlord  
  32  3:28  Zergling x2  
  33  3:38  Zergling x2  
  34  3:41  Zergling x2  
  34  3:44  Zergling x2  
  34  3:47  Baneling x2, Zergling x2  
  37  3:50  Baneling x3  
  37  3:52  Zergling x2  
  38  3:58  Baneling  
  38  4:02  Zergling x2  
  39  4:10  Evolution Chamber  
  39  4:12  Zergling x2, Drone x2  
  41  4:20  Overlord  
  41  4:25  Drone  
  42  4:35  Drone  
  43  4:43  Drone  
  43  4:44  Drone x2  
  46  5:05  Baneling  
  45  5:08  Zergling x2  
  45  5:11  Zergling x2  
  38  5:14  Zergling x2  
  38  5:17  Zergling x2  
  38  5:20  Zergling x2  
  39  5:23  Baneling x3, Zergling x2  
  39  5:26  Zergling x2  
  41  5:29  Baneling  
  41  5:32  Baneling x4  
  41  5:33  Baneling x3  
  41  5:34  Zergling x2  
  40  5:44  Roach  
  40  5:49  Hatchery  
  41  5:52  Roach  
  43  5:59  Roach  
  43  6:02  Lair  
  45  6:18  Roach  
  47  6:23  Overlord  
  47  6:28  Roach  
  49  6:45  Zerg Melee Weapons Level 1  
  49  7:01  Hydralisk Den  
  48  7:02  Drone  
  48  7:05  Drone  
  50  7:10  Drone  
  50  7:11  Drone  
  50  7:12  Drone  
  50  7:15  Drone  
  54  7:23  Drone  
  54  7:28  Overlord  
  55  7:31  Hydralisk, Drone  
  55  7:33  Drone  
  55  7:36  Drone  
  60  7:38  Drone  
  60  7:39  Hydralisk  
  63  7:44  Drone  
  63  7:50  Drone  
  65  7:53  Centrifical Hooks  
  65  7:54  Hydralisk, Drone  
  62  7:58  Drone  
  62  8:01  Drone  
  62  8:02  Roach  
  61  8:06  Drone  
  61  8:12  Roach  
  57  8:16  Drone  
  52  8:23  Roach  
  52  8:27  Zergling x4  
  52  8:29  Zergling x2  
  52  8:31  Zergling x2  
  40  8:35  Zergling x2  
  40  8:38  Zergling x2  
  40  8:39  Zerg Ground Armor Level 1  
  35  8:45  Drone  
  36  8:48  Drone  
  36  8:56  Hydralisk  
  38  9:04  Roach  
  35  9:10  Hydralisk  
  37  9:18  Roach  
  37  9:19  Hatchery  
  37  9:20  Drone  
  39  9:24  Drone  
  36  9:34  Drone  
  33  9:39  Drone  
  33  9:45  Drone  
  31  9:50  Queen  
  31  9:56  Drone  
  17  10:18  Drone  
Tags
 
Add a new tag
Caveats
  • Supply blocks, unpowered buildings, or Contaminate may cause inaccurate times.
  • Supply counts are checked every 10 seconds.